 Dungeon Crawl Stone Soup version 0.29-a0-997-gf6f7e2dfe7 (webtiles) character file.

Game seed: 9613994480628261342

22 IdlyInterested the Poker (level 2, -1/22 HPs)
             Began as a Demonspawn Gladiator on Aug 4, 2022.
             Succumbed to an adder's poison
             ... on level 2 of the Dungeon.
             The game lasted 00:02:16 (620 turns).

IdlyInterested the Poker (Demonspawn Gladiator)      Turns: 620, Time: 00:02:17

Health: -1/22      AC:  6    Str: 12 (14) XL:     2   Next: 68%
Magic:  2/2        EV:  9    Int:  7 (9)  God:
Gold:   56         SH:  0    Dex: 12 (14) Spells: 1/1 levels left

rFire   . . .      SeeInvis .   a - +0 trident
rCold   . . .      Faith    .   (no shield)
rNeg    . . .      Spirit   .   j - +0 scale mail
rPois   .          Reflect  .   (helmet restricted)
rElec   .          Harm     .   (no cloak)
rCorr   .          Rampage  .   (no gloves)
Will    .....                   (no boots)
Stlth   ..........              (no amulet)
HPRegen 0.07/turn               (no ring)
MPRegen 0.08/turn               (no ring)

@: lethally poisoned (-1 -> -7)
A: horns 1
a: no special abilities


You were on level 2 of the Dungeon.
You visited 1 branch of the dungeon, and saw 2 of its levels.

You collected 56 gold pieces.

Inventory:

Hand Weapons
 a - a +0 trident (weapon)
Missiles
 d - 3 throwing nets (quivered)
 e - a javelin
Armour
 b - a +0 leather armour
 j - a +0 scale mail (worn)
Scrolls
 g - a scroll of fog {unknown}
 h - 2 scrolls of enchant armour {unknown}
 i - a scroll of blinking {unknown}


   Skills:
 - Level 2.0 Fighting
 * Level 3.3 Polearms
 - Level 1.7 Throwing
 + Level 1.0 Armour
 - Level 2.6 Dodging


You had one spell level left.
You didn't know any spells.
Your spell library was empty.

Dungeon Overview and Level Annotations

Branches:
Dungeon (2/15)

Altars:


Innate Abilities, Weirdness & Mutations

You have a pair of small horns on your head.


Message History

The goblin hits you but does no damage. The adder barely misses you.
You miss the adder.
The adder is moderately wounded.
The adder bites you.
You are poisoned.
The adder poisons you! The goblin barely misses you.
The adder barely misses you.
You miss the adder.
The adder is moderately wounded.
You feel sick. The goblin barely misses you.
The adder bites you but does no damage. The goblin hits you with a +0 dagger.
You closely miss the adder.
The adder is moderately wounded.
You feel sick. The adder closely misses you.
The goblin hits you but does no damage. The adder barely misses you.
You closely miss the adder.
The adder is moderately wounded.
You feel sick. The adder bites you but does no damage.
The goblin hits you but does no damage.
You hit the adder. Your headbutt misses the adder.
The adder is heavily wounded.
You feel sick.
You are no longer poisoned.
The adder bites you but does no damage. The goblin hits you with a +0 dagger.
You hit the adder but do no damage.
The adder is heavily wounded.
The adder closely misses you. The goblin barely misses you.
The adder bites you.
* * * LOW HITPOINT WARNING * * *
You are lethally poisoned!
The adder poisons you!
You barely miss the adder.
The adder is heavily wounded.
* * * LOW HITPOINT WARNING * * *
You feel sick. The adder bites you but does no damage.
The goblin hits you with a +0 dagger.
* * * LOW HITPOINT WARNING * * *
You barely miss the adder. Your headbutt misses the adder.
The adder is heavily wounded.
You die...

### .. ..
#.##.##
...... ...
#.#w. ..
#.#S# #.##
#.#@# ...# #
#.#g##...#.#
#.#gg......#
##...$...)..#
#...........#
#.#####...###
#. ...# ###.
#.## ...##
##...##


You could see an adder, a dart slug, 2 hobgoblins and a goblin.

Vanquished Creatures
  A dart slug (D:1)
  3 endoplasms (D:1)
  A giant cockroach (D:1)
  3 goblins (D:1)
  4 hobgoblins
  2 bats
  2 frilled lizards (D:1)
  2 rats (D:1)
18 creatures vanquished.

Notes
Turn   | Place    | Note
-------+----------+-------------------------------------------
     0 | D:1      | IdlyInterested the Demonspawn Gladiator began the quest for
                  | the Orb.
     0 | D:1      | Reached XP level 1. HP: 16/16 MP: 1/1
   108 | D:1      | Reached skill level 3 in Polearms
   156 | D:1      | Gained mutation: You have a pair of small horns on your
                  | head. [demonic ancestry]
   156 | D:1      | Reached XP level 2. HP: 22/22 MP: 2/2
   171 | D:1      | Noticed an eye of devastation
   173 | D:1      | Found a faded altar of an unknown god.
   174 | D:1      | Noticed a great orb of eyes
   174 | D:1      | Noticed a golden eye
   174 | D:1      | Noticed a great orb of eyes
   347 | D:1      | Reached skill level 1 in Armour
   619 | D:2      | HP: 1/22 [goblin/+0 dagger (2)]
   620 | D:2      | Succumbed to an adder's poison

Illustrated notes

Levels and vault maps discovered:
D:1:      minmay_arrival_glassed_features, layout_rooms,
          hellmonk_ecumenical_altar_watching_god
D:2:      layout_loops_ring, minivault_14

Skill      XL: |  1  2 |
---------------+-------+-----
Polearms       | 3 |  3.3
Armour         | 1 |  1.0
Fighting       | |  2.0
Throwing       | |  1.7
Dodging        | |  2.6

Action                   || total
-------------------------++-------
Melee: Trident           ||    66
       Headbutt          ||     3
  Use: Potion            ||     2
Armor: Leather armour    ||     8
       Scale mail        ||    32
Dodge: Dodged            ||    49

Table legend: (Time is in decaauts)
 A = Elapsed time spent in this place.
 B = Non-inter-level travel time spent in this place.
 C = Inter-level travel time spent in this place.
 D = Time resting spent in this place.
 E = Time spent auto-exploring this place.
 F = Levels seen in this place.
 G = Mean time per level.
                   A        B        C        D        E       F      G
               +--------+--------+--------+--------+--------+-----+--------+
         Total |    629 |    592 |     37 |    127 |    220 |   2 |  314.5 |
       Dungeon |    629 |    592 |     37 |    127 |    220 |   2 |  314.5 |
               +--------+--------+--------+--------+--------+-----+--------+

Top non-repeatable levels by time:
     D:1: 556 daAuts
     D:2: 73 daAuts
